Map: [ESL] Hardwire

Players

HeroMarine

  • Race: Terran Terran

Reynor - Winner!

  • Race: Zerg Zerg

Event: IEM Katowice 2022

VOD

Have the link to the VOD?

Description

Time

  • Played on: Feb. 27, 2022, 4:41 a.m.
  • Length: 13:28

All games in this series

Show
View Real Time Build Order
Export as new Build Order

HeroMarine Terran 

Build Orders: Reaper Expand 

Get SALT Encoding   

  12  0:00  SCV  
  13  0:12  SCV  
  14  0:17  Supply Depot  
  14  0:24  SCV  
  15  0:38  SCV  
  15  0:39  Barracks  
  16  0:43  Refinery  
  16  0:50  SCV  
  17  1:02  SCV  
  18  1:14  SCV  
  19  1:26  Reaper, Orbital Command  
  20  1:40  Command Center  
  20  1:48  Supply Depot  
  20  1:52  SCV  
  21  1:58  Marine  
  22  2:04  SCV  
  22  2:07  Factory  
  23  2:16  SCV  
  23  2:19  Barracks Reactor  
  24  2:28  SCV  
  25  2:40  SCV  
  25  2:41  Command Center  
  26  2:53  SCV, Orbital Command  
  27  3:01  Hellion  
  27  3:02  Hellion  
  27  3:05  Barracks Tech Lab  
  31  3:07  SCV  
  32  3:14  Refinery  
  32  3:19  SCV  
  33  3:20  SCV  
  33  3:22  Stimpack  
  33  3:24  Hellion  
  36  3:27  Hellion  
  36  3:28  Marine  
  36  3:31  SCV  
  36  3:32  SCV  
  41  3:43  Engineering Bay x2  
  41  3:44  SCV x2  
  46  3:56  SCV, Orbital Command  
  46  3:57  SCV  
  46  3:59  Hellion  
  46  4:01  Hellion  
  48  4:07  Marine  
  48  4:08  SCV  
  48  4:09  SCV  
  51  4:12  Terran Infantry Weapons Level 1  
  51  4:15  Terran Infantry Armor Level 1  
  51  4:20  SCV  
  51  4:21  SCV  
  53  4:26  Barracks  
  53  4:27  Barracks  
  53  4:28  SCV  
  53  4:29  Factory Reactor  
  54  4:33  SCV x2  
  54  4:34  Supply Depot  
  54  4:37  Marine  
  57  4:40  SCV  
  57  4:45  SCV x2  
  59  4:49  Supply Depot  
  59  4:50  Orbital Command  
  60  4:54  Refinery x2  
  60  4:57  SCV x2  
  62  5:00  Marine  
  63  5:07  Starport  
  63  5:09  SCV, Combat Shield  
  63  5:10  SCV  
  63  5:11  Supply Depot  
  63  5:13  Supply Depot x2  
  65  5:18  Factory Reactor  
  65  5:19  Barracks  
  65  5:20  Barracks  
  65  5:21  SCV  
  65  5:22  SCV  
  65  5:23  Marine  
  65  5:24  Marine x2  
  65  5:27  Supply Depot, SCV, Marine  
  72  5:34  SCV x2, Marine  
  75  5:39  SCV  
  75  5:41  Armory, Marine  
  77  5:44  Marine x3  
  77  5:46  SCV  
  77  5:48  SCV  
  82  5:52  SCV, Marine  
  82  5:53  Supply Depot  
  82  5:58  SCV  
  82  5:59  Marine  
  82  6:00  SCV  
  82  6:01  Factory Tech Lab  
  82  6:02  Medivac x2  
  82  6:04  SCV  
  90  6:06  Barracks Reactor  
  90  6:08  Barracks Reactor  
  90  6:10  SCV  
  91  6:13  SCV  
  91  6:14  Barracks  
  91  6:15  Barracks  
  91  6:16  SCV, Barracks  
  91  6:17  Marine x2  
  95  6:19  Siege Tank  
  95  6:23  Supply Depot, Marine  
  99  6:25  Marine x2  
  101  6:33  Supply Depot  
  101  6:34  Supply Depot  
  101  6:35  Marine x2  
  101  6:37  Medivac x2  
  101  6:38  Terran Infantry Weapons Level 2  
  107  6:41  Marine  
  107  6:43  Marine x2  
  107  6:44  Marine  
  107  6:46  Supply Depot  
  111  6:47  Marine  
  111  6:48  Supply Depot  
  112  6:56  Marine x2  
  112  6:57  Marine x2, Siege Tank  
  112  6:59  Marine  
  112  7:01  Marine  
  119  7:05  Marine x6  
  126  7:11  Medivac  
  126  7:12  Medivac  
  126  7:13  Marine  
  126  7:14  Marine  
  126  7:15  Marine x2  
  133  7:19  Refinery  
  133  7:22  Marine x2  
  135  7:23  Marine x4  
  135  7:27  Marine x2  
  135  7:29  Siege Tank  
  144  7:31  Marine x2  
  144  7:33  Marine  
  144  7:36  Marine  
  148  7:40  Marine x2  
  148  7:41  Marine x4, Medivac  
  156  7:45  Marine  
  157  7:52  Supply Depot x2, Marine x4  
  157  7:54  Marine  
  157  7:57  Marine  
  157  7:58  Marine  
  164  7:59  Marine x3  
  165  8:12  Supply Depot  
  165  8:13  Supply Depot, Marine x7, Medivac x2, Siege Tank  
  165  8:15  Marine x2  
  165  8:17  Supply Depot  
  165  8:18  Marine  
  165  8:19  Marine x2  
  175  8:31  Marine x5  
  175  8:32  Marine  
  175  8:34  Marine x3  
  181  8:36  Marine x2  
  165  8:42  Marine  
  165  8:45  Siege Tank  
  165  8:47  Medivac  
  165  8:48  Marine x2, Medivac  
  167  8:49  Marine x3  
  167  8:51  Marine x2  
  167  8:52  Marine x2  
  167  8:54  Marine x2  
  178  8:58  Factory  
  178  8:59  Marine  
  173  9:06  Marine x3  
  173  9:07  Marine x2  
  173  9:09  Marine x3  
  161  9:10  Marine  
  161  9:11  Marine  
  161  9:12  Marine  
  162  9:17  Marine, Siege Tank  
  165  9:24  Marine x3, Liberator x2  
  165  9:27  Marine x2  
  165  9:29  Marine x2  
  177  9:31  Marine  
  177  9:32  Marine x2  
  180  9:39  Marine x2  
  180  9:42  Marine x2  
  153  9:48  Marine  
  153  9:49  Marine x2, Siege Tank  
  124  9:54  Factory Tech Lab  
  124  9:55  Marine x2  
  124  9:58  Marine x2  
  127  10:02  Marine x3  
  127  10:03  Marine  
  127  10:06  Terran Infantry Weapons Level 3  
  125  10:09  Medivac x2  
  125  10:13  Marine, Siege Tank  
  125  10:14  Marine  
  133  10:15  Marine  
  133  10:17  Marine x2  
  133  10:20  Marine x3  
  140  10:22  Siege Tank  
  143  10:29  Marine  
  143  10:30  Marine x2  
  143  10:31  Marine x2  
  143  10:33  Marine  
  143  10:34  Marine  
  143  10:35  Marine  
  152  10:38  Marine x3  
  152  10:39  Terran Infantry Armor Level 2  
  154  10:43  Marine  
  154  10:45  Siege Tank  
  154  10:47  Marine  
  154  10:49  Marine  
  159  10:50  Marine x3  
  159  10:51  Marine, Medivac  
  159  10:52  Marine, Medivac  
  159  10:53  Marine  
  159  10:55  Marine  
  159  10:56  Marine x2  
  171  10:58  Siege Tank  
  174  11:04  Marine  
  174  11:07  Marine x3  
  178  11:17  Marine x2, Siege Tank  
  183  11:18  Marine x2  
  183  11:19  Marine x2  
  183  11:21  Medivac  
  183  11:22  Medivac  
  183  11:25  Marine x4  
  188  11:30  Siege Tank  
  188  11:33  Marine x2  
  188  11:35  Marine x2  
  188  11:36  Marine x2  
  188  11:37  Marine  
  188  11:38  Marine  
  187  11:45  Marine  
  184  11:49  Marine x2, Siege Tank  
  184  11:51  Marine  
  184  11:58  Marine x3  
  184  11:59  Marine  
  188  12:01  Marine x2  
  188  12:02  Siege Tank  
  193  12:10  Marine x2  
  189  12:17  Marine  
  189  12:19  Marine x2  
  189  12:21  Siege Tank  
  161  12:33  Marine  
  161  12:35  Marine, Siege Tank  
  161  12:36  Marine x6  
  164  12:39  Marine x2  
  164  12:42  Marine  
  163  12:45  Marine  
  163  12:51  Marine  
  163  12:53  Marine x2, Siege Tank  
  163  12:54  Marine  
  163  12:55  Marine  
  162  12:59  Marine x2  
  162  13:05  Marine x2  
  151  13:07  Marine  
  151  13:08  Marine x2  
  151  13:09  Marine  
Show
View Real Time Build Order
Export as new Build Order

Reynor Zerg - Winner!

Build Orders: Hatch First, Lurkers 

Get SALT Encoding   

  12  0:00  Drone  
  13  0:11  Overlord  
  13  0:16  Drone  
  14  0:30  Drone x2  
  16  0:48  Hatchery  
  15  0:51  Drone  
  15  0:54  Drone  
  17  0:57  Drone  
  18  1:08  Extractor  
  17  1:13  Spawning Pool  
  17  1:16  Drone  
  17  1:19  Drone  
  18  1:27  Drone  
  19  1:38  Drone  
  20  1:48  Overlord  
  20  1:59  Queen  
  20  2:00  Queen, Zergling x4  
  26  2:10  Drone x2  
  28  2:21  Drone x2  
  30  2:27  Spore Crawler  
  29  2:32  Hatchery  
  29  2:35  Drone  
  28  2:38  Metabolic Boost  
  28  2:40  Drone  
  28  2:43  Drone  
  31  2:44  Drone  
  32  2:53  Overlord  
  32  2:57  Drone  
  33  2:58  Queen  
  33  3:04  Drone  
  36  3:12  Drone x4  
  40  3:16  Overlord  
  40  3:22  Drone  
  40  3:23  Queen  
  43  3:27  Drone  
  43  3:29  Overlord  
  44  3:35  Queen  
  44  3:38  Drone  
  44  3:40  Drone  
  48  3:43  Queen  
  48  3:44  Drone  
  48  3:47  Drone  
  52  3:50  Drone  
  53  3:57  Zergling x2  
  53  3:58  Overlord  
  53  4:01  Baneling Nest  
  53  4:02  Drone, Queen  
  56  4:05  Drone  
  56  4:07  Zergling x6  
  56  4:09  Drone  
  61  4:15  Overlord  
  61  4:17  Drone  
  61  4:19  Drone  
  63  4:25  Lair  
  63  4:26  Drone x2  
  63  4:29  Spore Crawler  
  63  4:30  Overlord  
  64  4:31  Queen  
  64  4:33  Drone  
  64  4:34  Drone  
  64  4:36  Drone  
  64  4:37  Extractor  
  68  4:40  Queen  
  68  4:42  Drone  
  68  4:45  Drone, Spore Crawler  
  72  4:47  Drone x2  
  72  4:49  Drone  
  72  4:50  Drone  
  75  4:54  Spore Crawler  
  75  4:58  Zergling x6  
  75  4:59  Overlord  
  77  5:00  Baneling  
  77  5:01  Baneling x2  
  77  5:02  Drone  
  77  5:03  Drone  
  77  5:05  Drone  
  77  5:06  Drone  
  81  5:07  Overlord  
  81  5:10  Drone  
  82  5:17  Overlord  
  82  5:18  Drone x3  
  82  5:19  Drone  
  86  5:24  Overlord  
  86  5:25  Drone x2  
  86  5:27  Centrifugal Hooks, Drone  
  88  5:28  Drone  
  88  5:29  Drone  
  88  5:31  Extractor x2  
  89  5:35  Drone  
  89  5:40  Drone x2  
  89  5:42  Drone  
  92  5:45  Drone x2  
  92  5:46  Hatchery, Drone  
  94  5:53  Drone x4  
  94  5:54  Evolution Chamber, Extractor  
  94  5:55  Zergling x2  
  97  5:57  Overlord  
  97  5:59  Drone x3  
  97  6:03  Drone  
  101  6:07  Extractor  
  101  6:08  Spore Crawler x2, Evolution Chamber  
  101  6:11  Zergling x4  
  99  6:14  Zergling x2  
  100  6:21  Zergling x8  
  100  6:22  Zergling x8  
  108  6:26  Overlord  
  108  6:28  Drone  
  108  6:29  Drone x3  
  112  6:32  Hydralisk Den  
  112  6:34  Baneling  
  112  6:35  Baneling x6  
  112  6:37  Zergling x2  
  112  6:38  Zergling x2  
  112  6:39  Drone  
  114  6:43  Zerg Ground Armor Level 1, Overlord, Zerg Melee Weapons Level 1  
  114  6:47  Baneling x3, Drone  
  114  6:49  Drone x2  
  114  6:51  Zergling x4  
  114  6:54  Overlord  
  118  6:55  Drone x2  
  118  6:57  Drone  
  118  6:59  Drone x2, Queen  
  118  7:00  Drone  
  125  7:08  Zergling x2  
  126  7:10  Muscular Augments, Drone x2  
  126  7:14  Spore Crawler x2  
  126  7:15  Zergling x8  
  130  7:16  Pneumatized Carapace  
  130  7:22  Overlord  
  127  7:27  Hydralisk x5  
  127  7:29  Drone x2  
  140  7:30  Drone x2  
  140  7:31  Overlord  
  140  7:32  Hydralisk  
  140  7:36  Overlord  
  143  7:43  Zergling x2  
  143  7:44  Overlord  
  144  7:50  Hydralisk, Overlord  
  144  7:51  Infestation Pit, Zergling x6, Hydralisk x2  
  150  7:59  Hatchery  
  150  8:02  Hydralisk x3  
  150  8:03  Hydralisk, Zergling x10  
  162  8:10  Hydralisk x3, Overlord, Extractor  
  162  8:11  Zergling x2  
  170  8:12  Zergling x4  
  170  8:13  Zergling x2  
  170  8:16  Hydralisk  
  170  8:17  Zergling x2  
  170  8:18  Zergling x4  
  171  8:21  Grooved Spines  
  171  8:22  Zergling x6  
  174  8:28  Baneling x16  
  174  8:31  Zergling x8  
  178  8:35  Baneling x5  
  178  8:38  Zergling x6  
  178  8:40  Zergling x4  
  168  8:43  Zergling x16  
  169  8:49  Hydralisk  
  169  8:51  Zergling x2  
  169  8:52  Baneling  
  169  8:53  Baneling x6  
  172  8:55  Zergling x2  
  172  8:56  Zergling x2  
  172  8:58  Zerg Ground Armor Level 2  
  172  9:00  Zergling x2  
  168  9:02  Zergling x2  
  168  9:07  Zergling x14  
  161  9:11  Hydralisk  
  161  9:12  Zergling x6  
  161  9:14  Zergling x2  
  161  9:16  Zerg Melee Weapons Level 2  
  165  9:17  Zergling x2  
  165  9:20  Zergling x4  
  165  9:22  Baneling x8  
  162  9:27  Zergling x10  
  162  9:28  Baneling x6  
  162  9:29  Zergling x4  
  169  9:32  Zergling x6  
  169  9:34  Zergling x2  
  169  9:35  Zergling x2  
  169  9:36  Zergling x2  
  174  9:38  Zergling x4  
  174  9:42  Hydralisk, Zergling x2  
  158  9:48  Hydralisk  
  158  9:49  Zergling x2  
  135  9:55  Hydralisk, Hive  
  135  9:56  Zergling x14  
  144  10:02  Hydralisk, Zergling x6  
  144  10:03  Baneling x10, Zergling x4  
  151  10:08  Zergling x2  
  152  10:14  Zergling x6  
  152  10:20  Zergling x2  
  156  10:25  Zergling x2  
  156  10:26  Zergling x14  
  164  10:29  Zergling x2  
  164  10:30  Hatchery  
  164  10:36  Overlord, Lurker Den  
  164  10:39  Extractor  
  164  10:40  Zergling x2  
  164  10:41  Zergling x10  
  168  10:47  Zergling x2  
  168  10:48  Zergling x6  
  169  10:51  Overlord  
  169  11:08  Viper x3  
  169  11:11  Zergling x16  
  186  11:13  Baneling x14  
  186  11:14  Zergling x4  
  188  11:23  Hydralisk, Zergling x2  
  188  11:24  Zergling x12  
  192  11:26  Zergling x4  
  192  11:31  Zergling x2  
  189  11:33  Zergling x2  
  189  11:34  Seismic Spines  
  189  11:35  Lurker x2  
  189  11:36  Lurker x4  
  189  11:37  Zergling x2  
  189  11:38  Zergling x2  
  182  11:40  Zergling x6  
  182  11:46  Zergling x6  
  188  11:50  Zergling x10  
  188  11:53  Zergling x4  
  193  11:58  Zergling x4  
  193  11:59  Zergling x2  
  196  12:02  Overseer  
  196  12:07  Lurker x3  
  196  12:08  Zergling x2  
  192  12:22  Zergling x18  
  176  12:23  Zergling x16  
  176  12:26  Zergling x2  
  185  12:31  Hydralisk  
  185  12:32  Zergling x2  
  185  12:35  Zergling x4  
  185  12:36  Spore Crawler, Queen  
  181  12:44  Hydralisk  
  181  12:45  Zergling x4  
  181  12:46  Hydralisk x3  
  181  12:47  Zergling x6  
  181  12:48  Zergling x4  
  181  12:50  Lurker x4  
  197  12:53  Hydralisk  
  197  12:57  Hydralisk  
  197  12:58  Zergling x2  
  199  13:00  Overlord  
  199  13:05  Zergling x10  
  198  13:08  Zergling x4  
  193  13:23  Lurker x3  

Tags
 
Add a new tag
Caveats
  • Supply blocks, unpowered buildings, or Contaminate may cause inaccurate times.
  • Supply counts are checked every 10 seconds.